AoeStats
← ME_DEPRIME_JUGAR_CON_USTEDES

Hill Fort

505957213Analyzed
4v4 RM · 20d ago on Sep 11, 2026· 48m 35s· 8 players
Game mode
Random Map
Map size
Large (8 player)
Population
200
Speed
Normal
Resources
Standard
Victory
Conquest
Starting age
Dark Age
Ending age
Imperial Age
RankedLock teamsTeams togetherTeam positionsShared explorationLock speedFull tech treeHidden civsTurbo modeCheats
Victory
Defeat
🇪🇪 Georgians · Estonia
1559
+14
🇦🇷 Maya · Argentina
1543
+14
🇭🇰 Berbers · Hong Kong SAR China
1530
+15
🇩🇪 Vietnamese · Germany
1504
+16
🇻🇳 Teutons · Vietnam
1560
-17
🇺🇸 Dravidians · United States
1488
-14
🇬🇧 Tatars · United Kingdom
1485
-14
🇫🇮 Poles · Finland
1483
-14
ME_DEPRIME_JUGAR_CON_USTEDES
0:27 Loom
10:58 Feudal Age
16:33 Castle Age
15:35 Double-Bit Axe
15:31 Horse Collar
17:34 Bow Saw
18:50 Heavy Plow
19:50 Fletching
21:58 Bodkin Arrow
26:45 Wheelbarrow
29:48 Padded Archer Armor
33:18 Leather Archer Armor
33:39 Gold Mining
34:14 Ballistics
37:32 Imperial Age
35:59 Scale Mail Armor
36:42 Thumb Ring
37:08 Stone Mining
39:20 Chemistry
38:21 Bracer
40:14 Elite Plumed Archer
41:17 Conscription
40:40 Elite Skirmisher
41:23 Hul'che Javelineers
42:28 Two-Man Saw
41:52 Hand Cart
42:44 Ring Archer Armor
41:39 Imperial Skirmisher
43:54 Masonry
43:24 Treadmill Crane
43:40 Murder Holes
43:17 Pikeman
43:58 Squires
45:42 Architecture
47:09 Hoardings
48:59 Chain Mail Armor
SbS | Havoc
10:48 Feudal Age
9:10 Loom
11:38 Feudal Age
15:33 Castle Age
14:16 Double-Bit Axe
14:12 Horse Collar
17:07 Bow Saw
23:39 Heavy Plow
23:31 Pikeman
25:00 Scale Mail Armor
25:42 Stone Mining
28:28 Stone Shaft Mining
29:56 Chain Mail Armor
34:52 Imperial Age
33:12 Forging
33:04 Squires
34:10 Wheelbarrow
33:26 Gold Mining
35:03 Halberdier
36:15 Plate Mail Armor
36:17 Hand Cart
37:17 Iron Casting
37:42 Fletching
38:23 Paper Money
40:12 Bodkin Arrow
41:00 Bracer
41:02 Padded Archer Armor
42:03 Elite Rattan Archer
46:15 Ballistics
46:57 Chemistry
46:14 Leather Archer Armor
47:58 Ring Archer Armor
TsuksEST
8:39 Loom
11:29 Feudal Age
15:25 Castle Age
16:11 Double-Bit Axe
16:20 Gold Mining
18:23 Wheelbarrow
18:00 Bow Saw
20:38 Scale Barding Armor
21:45 Forging
22:56 Horse Collar
27:11 Heavy Plow
31:44 Fletching
32:29 Svan Towers
32:55 Padded Archer Armor
32:56 Bodkin Arrow
34:05 Guard Tower
35:45 Ballistics
35:48 Murder Holes
36:39 Masonry
39:09 Pikeman
39:50 Squires
40:15 Hand Cart
40:33 Treadmill Crane
41:45 Scale Mail Armor
43:15 Chain Mail Armor
43:35 Iron Casting
46:48 Imperial Age
45:32 Chain Barding Armor
45:32 Stone Mining
46:02 Bloodlines
45:13 Light Cavalry
45:53 Husbandry
46:26 Husbandry
48:13 Plate Barding Armor
LagiPup
11:18 Feudal Age
14:58 Castle Age
13:57 Double-Bit Axe
15:12 Loom
17:51 Fletching
23:28 Bodkin Arrow
24:59 Horse Collar
25:10 Gold Mining
25:43 Padded Archer Armor
27:20 Stone Mining
28:06 Wheelbarrow
32:41 Imperial Age
31:45 Leather Archer Armor
32:11 Bloodlines
32:01 Husbandry
32:47 Elite Camel Archer
33:37 Bracer
34:20 Ballistics
36:03 Chemistry
35:01 Town Watch
36:27 Hand Cart
38:31 Thumb Ring
39:03 Maghrebi Camels
39:39 Light Cavalry
40:50 Ring Archer Armor
40:26 Scale Barding Armor
40:31 Forging
41:29 Hussar
44:40 Chain Barding Armor
44:56 Iron Casting
48:17 Town Patrol
48:27 Bow Saw
50:00 Blast Furnace
49:35 Plate Barding Armor
BigAl
11:49 Feudal Age
12:52 Double-Bit Axe
14:28 Loom
17:08 Castle Age
15:29 Fletching
16:37 Gold Mining
17:44 Bodkin Arrow
18:53 Padded Archer Armor
18:58 Horse Collar
21:26 Town Watch
23:39 Leather Archer Armor
25:43 Thumb Ring
29:45 Ballistics
33:59 Scale Barding Armor
34:04 Forging
34:49 Sanctity
35:14 Wheelbarrow
35:43 Chain Barding Armor
35:33 Forging
36:25 Husbandry
40:56 Imperial Age
39:35 Forging
40:07 Elite Skirmisher
42:35 Bracer
44:29 Ring Archer Armor
44:34 Iron Casting
44:12 Medical Corps
44:28 Conscription
45:40 Hand Cart
45:53 Heavy Plow
46:06 Bow Saw
48:01 Coinage
47:32 Caravan
47:13 Siege Elephant
48:22 Guilds
50:06 Blast Furnace
Skræling
10:30 Feudal Age
11:11 Double-Bit Axe
11:26 Loom
12:01 Horse Collar
14:21 Bloodlines
16:05 Wheelbarrow
21:01 Castle Age
19:10 Fletching
20:15 Padded Archer Armor
21:56 Bodkin Arrow
23:32 Bow Saw
23:35 Husbandry
24:20 Ballistics
26:49 Leather Archer Armor
33:34 Heavy Plow
37:50 Imperial Age
40:51 Elite Skirmisher
41:33 Bracer
46:25 Conscription
Seve
10:10 Feudal Age
16:40 Castle Age
14:34 Horse Collar
16:26 Scale Barding Armor
16:32 Forging
19:05 Wheelbarrow
18:47 Husbandry
21:24 Bloodlines
25:46 Szlachta Privileges
27:09 Heavy Plow
29:16 Gold Mining
29:49 Chain Barding Armor
35:42 Imperial Age
34:45 Hand Cart
36:33 Iron Casting
37:01 Conscription
36:05 Cavalier
41:49 Blast Furnace
40:49 Scale Mail Armor
Kazie
9:30 Feudal Age
17:39 Castle Age
16:37 Horse Collar
16:44 Double-Bit Axe
17:31 Bloodlines
20:34 Wheelbarrow
20:45 Forging
23:37 Scale Barding Armor
23:43 Loom
27:20 Chain Barding Armor
31:00 Iron Casting
31:57 Gold Mining
31:58 Stone Mining
34:06 Hand Cart
37:20 Imperial Age
35:40 Fletching
37:23 Cavalier
38:40 Plate Barding Armor
39:24 Blast Furnace
38:49 Paladin
41:10 Bodkin Arrow
41:57 Town Watch
42:48 Town Patrol
43:11 Heavy Plow
44:34 Stone Shaft Mining
Connection lost

Rejoining the realm…

Still unreachable

The connection could not be restored.

Session expired

The server has moved on; the page needs a fresh start.